 Dungeon Crawl Stone Soup version 0.30-a0-224-ge52a3cb02f (webtiles) character file.

Game seed: 13739071194773330328

767 qw the Chopper (level 7, -1/44 HPs)
             Began as a Gargoyle Fighter on Oct 9, 2022.
             Slain by Prince Ribbit (7 damage)
             ... on level 5 of the Dungeon.
             The game lasted 00:01:53 (3647 turns).

qw the Chopper (Gargoyle Fighter)                   Turns: 3647, Time: 00:01:53

Health: -1/44      AC: 21    Str: 21    XL:     7   Next: 82%
Magic:  7/7        EV:  7    Int: 11    God:
Gold:   288        SH:  4    Dex:  9    Spells: 6/6 levels left

rFire   . . .      SeeInvis .    f - +2 hand axe (vamp)
rCold   . . .      Faith    .    c - +0 buckler
rNeg    + . .      Spirit   .    h - +0 chain mail
rPois   inf        Reflect  .    (no helmet)
rElec   +          Harm     .    (no cloak)
rCorr   .          Rampage  .    j - +2 pair of gloves "Ilacvuff" {Int+2}
Will    .....                    (no boots)
Stlth   ..........               (no amulet)
HPRegen 0.27/turn                n - +4 ring of protection
MPRegen 0.10/turn                (no ring)

@: no status effects
A: sickness immunity, AC +4, negative energy resistance 1, electricity
resistance, torment resistance 1, petrification resistance
a: no special abilities


You were on level 5 of the Dungeon.
You visited 2 branches of the dungeon, and saw 6 of its levels.

You collected 288 gold pieces.


Innate Abilities, Weirdness & Mutations

You are immune to sickness and miasma.
Your stone body is resilient. (AC +4)
You are immune to poison.
You resist negative energy. (rN+)
You are resistant to electric shocks. (rElec)
You are resistant to unholy torment.
You are immune to petrification.


   Skills:
 - Level 5.5 Fighting
 + Level 6.6 Axes
 - Level 3.2 Armour
 - Level 1.5 Dodging
 - Level 3.2 Shields


You had 6 spell levels left.
You didn't know any spells.
Your spell library was empty.

Inventory:

Hand Weapons
 f - a +2 vampiric hand axe (weapon)
 m - a +0 whip
 Y - a +0 war axe of freezing
Armour
 b - the +13 plate armour of the Devil's Advocate {SInv}
   (You found it on level 5 of the Dungeon)

   SInv:      It lets you see invisible.
 c - a +0 buckler (worn)
 h - a +0 chain mail (worn)
 j - the +2 pair of gloves "Ilacvuff" (worn) {Int+2}
   (You acquired it on level 3 of the Dungeon)

   Int:       It affects your intelligence (+2).
Jewellery
 n - a +4 ring of protection (left hand)
Scrolls
 a - a scroll of identify
Potions
 d - 2 potions of might
 e - a potion of attraction
 g - a potion of mutation
 i - a potion of cancellation {unknown}
 k - a potion of lignification
 l - a potion of curing
 o - a potion of heal wounds
 p - a potion of flight {unknown}

Dungeon Overview and Level Annotations

Branches:
Dungeon (5/15)             Temple (1/1) D:4

Altars:
Elyvilon
Fedhas
Gozag
Hepliaklqana
Kikubaaqudgha
Ru
Sif Muna
Trog
Uskayaw
Vehumet
Yredelemnul
The Shining One

Annotations:
D:5 Prince Ribbit


Message History

You block the hound's attack.
You hit the hound.
You kill the hound!
You hit Prince Ribbit.
Prince Ribbit blinks!
You miss Prince Ribbit.
Prince Ribbit is lightly wounded.
Prince Ribbit hits you but does no damage.
You closely miss Prince Ribbit. Prince Ribbit hits you!
You block Prince Ribbit's attack.
You hit Prince Ribbit.
You feel better.
Prince Ribbit is lightly wounded.
You block Prince Ribbit's attack.
You hit Prince Ribbit.
Prince Ribbit is moderately wounded.
Prince Ribbit hits you.
You closely miss Prince Ribbit.
Prince Ribbit is moderately wounded.
Prince Ribbit hits you.
Prince Ribbit hits you but does no damage.
You miss Prince Ribbit.
Prince Ribbit is moderately wounded.
Prince Ribbit hits you but does no damage.
You miss Prince Ribbit.
Prince Ribbit is moderately wounded.
Prince Ribbit catches a millipede with his tongue.
Prince Ribbit hits you but does no damage.
You barely miss Prince Ribbit.
Prince Ribbit is moderately wounded.
Prince Ribbit blinks!
You closely miss Prince Ribbit.
Prince Ribbit is moderately wounded.
Prince Ribbit hits you! Prince Ribbit barely misses you.
You closely miss Prince Ribbit.
Prince Ribbit is moderately wounded.
Prince Ribbit hits you but does no damage.
You barely miss Prince Ribbit.
Prince Ribbit is moderately wounded.
Prince Ribbit hits you! x2
You die...

####................
##...#######..#.####
###.......#..#.....
######........>. .
#......#####.. ##
#......##.....
...##.........#
#...........#..#
##....@F....?.#
....#..).......#
.##....))....#.#
##.##....#.# # #.
.......# . .$..[#...
. ............
............#.#
.#......#.?..#


You could see Prince Ribbit.

Vanquished Creatures
  Sigmund (D:3)
  An ogre (D:4)
  A centaur (D:5)
  2 scorpions
  2 hounds
  A jelly (D:4)
  Natasha (thrice) (D:3)
  4 adders
  2 worms
  2 dart slugs
  3 orcs
  5 ball pythons
  5 bats
  6 endoplasms
  4 giant cockroaches
  8 hobgoblins
  6 jackals
  4 quokkas
  3 frilled lizards (D:1)
  18 goblins
  14 kobolds
  12 rats
107 creatures vanquished.

Vanquished Creatures (others)
  An orc wizard (D:5)
  10 plants (D:2)
11 creatures vanquished.

Grand Total: 118 creatures vanquished

Notes
Turn   | Place    | Note
-------+----------+-------------------------------------------
     0 | D:1      | qw the Gargoyle Fighter began the quest for the Orb.
     0 | D:1      | Reached XP level 1. HP: 14/14 MP: 1/1
     0 | D:1      | 0 ||| qw: Version: 0.2-a-17-g06abaee
     0 | D:1      | 0 ||| qw: Game counter: 2284
     0 | D:1      | 0 ||| qw: Always use a shield: true
     0 | D:1      | 0 ||| qw: God list: Okawaru
     0 | D:1      | 0 ||| qw: Allow faded altars: false
     0 | D:1      | 0 ||| qw: Do Orc after D:15 true
     0 | D:1      | 0 ||| qw: Do second Lair branch before Depths: true
     0 | D:1      | 0 ||| qw: Lair rune preference: random
     0 | D:1      | 0 ||| qw: Plans: Normal, Zot:1-4, God:TSO, Crypt, Tomb,
                  | Pan, Slime:5, Hells, Abyss, Orb
     0 | D:1      | 0 ||| PLANNING D:1-11
    55 | D:1      | Reached skill level 2 in Axes
   186 | D:1      | Reached XP level 2. HP: 19/19 MP: 2/2
   239 | D:1      | 239 ||| Stepping ~*~*~tactically~*~*~ (stealth).
   294 | D:1      | 294 ||| Stepping ~*~*~tactically~*~*~ (stealth).
   303 | D:1      | 303 ||| Stepping ~*~*~tactically~*~*~ (stealth).
   304 | D:1      | 304 ||| Stepping ~*~*~tactically~*~*~ (stealth).
   346 | D:1      | 346 ||| Stepping ~*~*~tactically~*~*~ (stealth).
   364 | D:1      | 364 ||| Stepping ~*~*~tactically~*~*~ (stealth).
   402 | D:1      | 402 ||| Stepping ~*~*~tactically~*~*~ (stealth).
   403 | D:1      | 403 ||| Stepping ~*~*~tactically~*~*~ (stealth).
   418 | D:1      | Reached skill level 3 in Axes
   487 | D:1      | Reached XP level 3. HP: 23/23 MP: 3/3
   499 | D:1      | 499 ||| Stepping ~*~*~tactically~*~*~ (hiding).
   601 | D:1      | 601 ||| READING 2 scrolls labelled TAYCOE CELUCA.
   602 | D:1      | 602 ||| DRINKING 2 fuming amethyst potions.
   854 | D:2      | 854 ||| Stepping ~*~*~tactically~*~*~ (stealth).
   867 | D:2      | 867 ||| Stepping ~*~*~tactically~*~*~ (stealth).
   878 | D:2      | 878 ||| Stepping ~*~*~tactically~*~*~ (stealth).
   884 | D:2      | 884 ||| Stepping ~*~*~tactically~*~*~ (stealth).
  1105 | D:2      | Reached XP level 4. HP: 27/28 MP: 4/4
  1363 | D:2      | 1363 ||| READING scroll labelled ABALAZ VIZO.
  1364 | D:2      | 1364 ||| READING scroll labelled ROMNOCV PYSMY.
  1365 | D:2      | 1365 ||| READING 2 scrolls of identify.
  1365 | D:2      | 1365 ||| IDENTIFYING smoky brown potion
  1366 | D:2      | 1366 ||| DROPPING potion of brilliance.
  1413 | D:3      | Noticed Natasha
  1421 | D:3      | Killed Natasha
  1422 | D:3      | Reached skill level 4 in Axes
  1461 | D:3      | 1461 ||| FLEEEEING.
  1462 | D:3      | 1462 ||| STAIRDANCE
  1506 | D:3      | 1506 ||| Stepping ~*~*~tactically~*~*~ (hiding).
  1574 | D:3      | 1574 ||| Stepping ~*~*~tactically~*~*~ (stealth).
  1583 | D:3      | Noticed Natasha
  1584 | D:3      | 1584 ||| Stepping ~*~*~tactically~*~*~ (stealth).
  1624 | D:3      | 1624 ||| Stepping ~*~*~tactically~*~*~ (stealth).
  1630 | D:3      | 1630 ||| Stepping ~*~*~tactically~*~*~ (stealth).
  1632 | D:3      | 1632 ||| Stepping ~*~*~tactically~*~*~ (hiding).
  1646 | D:3      | Killed Natasha
  1647 | D:3      | Reached XP level 5. HP: 26/32 MP: 5/5
  1662 | D:3      | Noticed Natasha
  1665 | D:3      | Found a faded altar of an unknown god.
  1671 | D:3      | Killed Natasha
  1672 | D:3      | Reached skill level 5 in Axes
  1812 | D:3      | 1812 ||| Stepping ~*~*~tactically~*~*~ (stealth).
  1861 | D:3      | 1861 ||| Stepping ~*~*~tactically~*~*~ (stealth).
  1863 | D:3      | 1863 ||| Stepping ~*~*~tactically~*~*~ (stealth).
  1977 | D:3      | Noticed Sigmund
  1978 | D:3      | 1978 ||| Stepping ~*~*~tactically~*~*~ (hiding).
  1992 | D:3      | HP: 6/33 [Sigmund/magic dart (5)]
  1997 | D:3      | Killed Sigmund
  1998 | D:3      | Reached XP level 6. HP: 7/40 MP: 6/6
  2138 | D:3      | Found a basalt altar of Yredelemnul.
  2266 | D:3      | 2266 ||| READING scroll labelled GENKU PEJOCOEBRYQ.
  2267 | D:3      | 2267 ||| READING 2 scrolls labelled ZIASO ZUSTREN.
  2268 | D:3      | 2268 ||| READING scroll labelled VYLAPY VOOKATT.
  2269 | D:3      | 2269 ||| READING scroll labelled SOSIFE PIABU.
  2269 | D:3      | Identified a scroll of acquirement
  2269 | D:3      | 2269 ||| ACQUIRING +2 pair of gloves "Ilacvuff" {Int+2}
  2269 | D:3      | Acquired the +2 pair of gloves "Ilacvuff" {Int+2}
  2271 | D:3      | 2271 ||| UPGRADING to +2 pair of gloves "Ilacvuff" {Int+2}.
  2276 | D:3      | 2276 ||| DRINKING 2 fuming green potions.
  2326 | D:3      | 2326 ||| READING 2 scrolls of identify.
  2326 | D:3      | 2326 ||| IDENTIFYING emerald potion
  2327 | D:3      | 2327 ||| DROPPING scroll of amnesia.
  2626 | D:4      | 2626 ||| STAIRDANCE
  2631 | D:4      | 2631 ||| STAIRDANCE
  2666 | D:4      | Reached skill level 1 in Dodging
  2698 | D:4      | 2698 ||| DROPPING +0 club.
  2755 | D:4      | 2755 ||| Stepping ~*~*~tactically~*~*~ (stealth).
  2756 | D:4      | Found a shimmering blue altar of Sif Muna.
  2763 | D:4      | HP: 3/40 [ogre/+0 giant club (17)]
  2766 | D:4      | Reached XP level 7. HP: 4/44 MP: 7/7
  2867 | D:4      | 2867 ||| Stepping ~*~*~tactically~*~*~ (stealth).
  2931 | D:4      | Found a white marble altar of Elyvilon.
  2989 | D:4      | Found a hazy altar of Hepliaklqana.
  3128 | D:4      | 3128 ||| DRINKING potion of curing.
  3128 | D:4      | 3128 ||| (to cure confusion)
  3241 | D:4      | Found a staircase to the Ecumenical Temple.
  3242 | D:4      | 3242 ||| PLANNING TEMPLE
  3242 | D:4      | 3242 ||| DROPPING orb of light.
  3243 | D:4      | 3243 ||| UPGRADING to +4 ring of protection.
  3244 | D:4      | 3244 ||| READING scroll labelled PIYQUCH RIWEI.
  3245 | D:4      | 3245 ||| DRINKING 2 silvery potions.
  3246 | D:4      | 3246 ||| READING 2 scrolls of identify.
  3246 | D:4      | 3246 ||| IDENTIFYING sapphire potion
  3255 | Temple   | Entered the Ecumenical Temple
  3289 | Temple   | 3289 ||| PLANNING D:1-11
  3415 | D:4      | 3415 ||| SWAPPING to +2 vampiric hand axe.
  3561 | D:4      | 3561 ||| UPGRADING to +0 chain mail.
  3571 | D:4      | 3571 ||| DROPPING +0 scale mail.
  3585 | D:5      | Entered Level 5 of the Dungeon
  3590 | D:5      | Identified the +13 plate armour of the Devil's Advocate
                  | {SInv}
  3604 | D:5      | Reached skill level 6 in Axes
  3624 | D:5      | Noticed Prince Ribbit
  3625 | D:5      | 3625 ||| Stepping ~*~*~tactically~*~*~ (stealth).
  3647 | D:5      | HP: 6/44 [Prince Ribbit (11)]
  3647 | D:5      | Slain by Prince Ribbit

Levels and vault maps discovered:
D:1:      minmay_arrival_jagged, layout_rooms
D:2:      layout_rooms, lexackson_kobold_supper
D:3:      layout_rooms, mainiacjoe_overflow_six_doors_small,
          nicolae_ecumenical_oubliette, uniq_natasha, uniq_sigmund
D:4:      corexii_shack_village, layout_rooms, elyvilon_altar_1,
          mainiacjoe_overflow_24_doors, led_sif_book, temple_hall
D:5:      layout_rooms, uniq_prince_ribbit1
Temple:   hellmonk_temple_of_storms

Skill      XL: |  1  2  3  4  5  6  7 |
---------------+----------------------+-----
Axes           | 2 3 4 5 6 |  6.6
Fighting       | 5 |  5.5
Dodging        | 1 |  1.5
Armour         | |  3.2
Shields        | |  3.2

Action                   |  1- 3 |  4- 6 |  7- 9 || total
-------------------------+-------+-------+-------++-------
Melee: War axe           |   143 |   128 |    27 ||   298
       Hand axe          |       |       |    41 ||    41
  Use: Scroll            |     1 |     8 |     2 ||    11
       Potion            |     1 |     1 |     2 ||     4
Armor: Scale mail        |    73 |    80 |    16 ||   169
       Chain mail        |       |       |    19 ||    19
Dodge: Dodged            |    56 |    67 |    17 ||   140
Block: Buckler           |    21 |    22 |    10 ||    53

Table legend:
 A = Non-vault XP
 B = Vault XP
 C = Vault XP percentage of total XP
 D = Non-vault monster count
 E = Vault monster count
 F = Vault count percentage of total count
                 A         B        C        D         E       F
            +---------+---------+-------+---------+---------+-------
      Total |     787 |     310 |  28.3 |      86 |      21 |  19.6
            +---------+---------+-------+---------+---------+-------
        D:1 |      44 |       0 |   0.0 |      25 |       0 |   0.0
        D:2 |      39 |       9 |  18.8 |      15 |       8 |  34.8
        D:3 |     138 |     280 |  67.0 |      26 |       2 |   7.1
        D:4 |     328 |      21 |   6.0 |      15 |      11 |  42.3
        D:5 |     238 |       0 |   0.0 |       5 |       0 |   0.0
            +---------+---------+-------+---------+---------+-------
